 Dungeon Crawl Stone Soup version 0.20.1-1-g8b1a95d (webtiles) character file.

1059 Schiappus the Chopper (level 8, 0/68 HPs)
             Began as a Black Draconian Berserker on Dec 2, 2017.
             Was a Priest of Trog.
             Slain by IrkenScum's ghost (5 damage)
             ... on level 6 of the Dungeon.
             The game lasted 00:19:31 (5485 turns).

Schiappus the Chopper (Black Draconian Berserker)   Turns: 5485, Time: 00:19:33

Health: 0/68       AC: 10    Str: 26    XL:     8   Next: 6%
Magic:  8/8        EV:  9    Int:  8    God:    Trog [***...]
Gold:   302        SH: 15    Dex: 11    Spells: 7/7 levels left

rFire    + . .     SeeInvis .   a - +0 hand axe
rCold    + . .     Gourm    .   f - +0 large shield
rNeg     . . .     Faith    .   (armour unavailable)
rPois    .         Spirit   .   (helmet restricted)
rElec    +         Reflect  .   p - scarf {rC+ rF+}
rCorr    .         Harm     .   (no gloves)
MR       .....                  (no boots)
Stlth    ++........             (no amulet)
Regen    0.3/turn               q - +5 ring of strength
MPRegen  0.2/turn               v - +4 ring of protection

@: berserk cooldown, hasted and slowed
A: breathe lightning, unfitting armour, electricity resistance, cold-blooded, AC
+6
a: Breathe Lightning, Berserk, Trog's Hand, Burn Spellbooks, Renounce Religion


You were on level 6 of the Dungeon.
You worshipped Trog.
Trog was most pleased with you.
You were very hungry.

You visited 1 branch of the dungeon, and saw 6 of its levels.

You collected 302 gold pieces.

Inventory:

Hand Weapons
 a - a +0 hand axe (weapon)
Armour
 f - a +0 large shield (worn)
 p - a scarf of resistance (worn)
Jewellery
 q - a +5 ring of strength (left hand)
 v - a +4 ring of protection (right hand)
Wands
 m - a wand of flame (17/48)
Scrolls
 d - a scroll of blinking
 e - a scroll of identify
 j - a scroll of teleportation
 l - a scroll of remove curse
Potions
 n - a potion of brilliance
 o - 3 potions of flight
 s - a potion of curing
Comestibles
 b - 4 bread rations
 c - 4 royal jellies
 h - 3 meat rations
 k - 3 fruits


   Skills:
 + Level 5.3 Fighting
 + Level 6.6 Axes
 + Level 4.6 Dodging
 + Level 1.3 Stealth
 + Level 4.0 Shields


You had 7 spell levels left.
You didn't know any spells.

Dungeon Overview and Level Annotations

Branches:
Dungeon (6/15)
 Temple: D:4-7

Altars:
Cheibriados
Fedhas
Gozag
Ru
Sif Muna

Annotations:
D:6 IrkenScum's ghost, novice MfGl


Innate Abilities, Weirdness & Mutations

You can breathe wild blasts of lightning.
Your glossy black scales are hard. (AC +6)
You cannot fit into any form of body armour.
You are resistant to electric shocks. (rElec)
You are cold-blooded and may be slowed by cold attacks.


Message History

IrkenScum's ghost hits you.
* * * LOW HITPOINT WARNING * * *
The gnoll hits you with a spear!
* * * LOW HITPOINT WARNING * * *
A centaur comes into view. It is wielding a shortbow.
You hit the bullfrog skeleton. You tail-slap the bullfrog skeleton.
The bullfrog skeleton is heavily damaged.
You barely miss the gnoll.
Your shield prevents you from hitting the gnoll.
You miss IrkenScum's ghost.
The centaur shoots an arrow.
You block the arrow.
You block the bullfrog skeleton's attack.
The gnoll barely misses you. IrkenScum's ghost barely misses you.
The gnoll hits you but does no damage.
You slash the bullfrog skeleton!
The bullfrog skeleton is almost destroyed.
You hit IrkenScum's ghost. You hit the gnoll. x2
The bullfrog skeleton hits you but does no damage.
You block the gnoll's attack.
The centaur shoots an arrow.
The arrow hits you but does no damage. IrkenScum's ghost hits you.
You die...

.####### #### ..
....... .... .
#..... ..... . .
....##..... ..
#.#..........
...#.#..........
#......<........
..#...)ZW###...
##.#g@)(#
#..g........
##..#.......
#.###...!... ..
....... #..
....... #..
....c.. .. .....


You could see a centaur, IrkenScum's ghost, 2 gnolls and a bullfrog skeleton.

Vanquished Creatures
  The ghost of homeworkjunkie the Shield-Bearer, an amateur HOFi of Okawaru (D:3)
  2 ice beasts (D:5)
  An ogre (D:5)
  2 centaurs
  2 scorpions
  A howler monkey (D:5)
  A hound (D:4)
  Jessica (D:3)
  Terence (D:3)
  2 orc wizards (D:3)
  A worker ant (D:4)
  2 adders
  5 gnolls
  2 shadow imps
  An adder skeleton (D:4)
  5 worms
  3 dart slugs
  4 leopard geckos
  12 orcs
  5 giant cockroaches
  7 goblins
  6 hobgoblins
  6 jackals
  11 kobolds
  A quokka (D:5)
  A ball python (D:1)
  8 bats
  4 frilled lizards
  A jackal zombie (D:5)
  8 rats
107 creatures vanquished.

Vanquished Creatures (others)
  A hobgoblin (D:3)
1 creature vanquished.

Grand Total: 108 creatures vanquished

Notes
Turn   | Place    | Note
-------+----------+-------------------------------------------
     0 | D:1      | Schiappus the Draconian Berserker began the quest for the Orb.
     0 | D:1      | Reached XP level 1. HP: 19/19 MP: 1/1
   313 | D:1      | Reached XP level 2. HP: 20/26 MP: 2/2
  1039 | D:2      | Reached ** piety under Trog
  1039 | D:2      | Reached XP level 3. HP: 22/33 MP: 3/3
  1880 | D:2      | Found a sacrificial altar of Ru.
  2086 | D:3      | Found an opulent altar of Gozag.
  2138 | D:3      | Noticed Terence
  2143 | D:3      | Killed Terence
  2143 | D:3      | Reached skill level 4 in Axes
  2143 | D:3      | Reached XP level 4. HP: 40/40 MP: 4/4
  2473 | D:3      | Noticed homeworkjunkie's ghost (amateur HOFi)
  2479 | D:3      | Reached skill level 1 in Shields
  2490 | D:3      | Killed homeworkjunkie's ghost
  2490 | D:3      | Reached skill level 5 in Axes
  2490 | D:3      | Reached XP level 5. HP: 42/46 MP: 5/5
  2495 | D:3      | Reached XP level 6. HP: 30/52 MP: 6/6
  2701 | D:3      | Found a deep blue altar of Sif Muna.
  2764 | D:3      | Noticed Jessica
  2777 | D:3      | Killed Jessica
  2871 | D:3      | Found a blossoming altar of Fedhas.
  3221 | D:3      | Reached *** piety under Trog
  3680 | D:4      | Reached skill level 1 in Stealth
  4197 | D:5      | Entered Level 5 of the Dungeon
  4203 | D:5      | Found a snail-covered altar of Cheibriados.
  4313 | D:5      | Your scales start taking on a glossy black colour.
  4313 | D:5      | Reached XP level 7. HP: 60/60 MP: 7/7
  4313 | D:5      | Gained mutation: You are resistant to electric shocks. (rElec) [Black Draconian growth]
  4582 | D:5      | Reached skill level 5 in Fighting
  4582 | D:5      | Reached skill level 6 in Axes
  5457 | D:6      | Noticed IrkenScum's ghost (novice MfGl)
  5476 | D:6      | Reached XP level 8. HP: 57/68 MP: 8/8
  5485 | D:6      | Slain by IrkenScum's ghost

Skill      XL: |  1  2  3  4  5  6  7 |
---------------+----------------------+-----
Dodging        | 3 4 |  4.6
Axes           | 4 5 6 |  6.6
Fighting       | 4 5 |  5.3
Shields        | 1 2 4 |  4.0
Stealth        | 1 |  1.3

Action                   |  1- 3 |  4- 6 |  7- 9 || total
-------------------------+-------+-------+-------++-------
Melee: Hand axe          |   169 |   162 |    89 ||   420
       Tailslap          |    17 |    26 |    16 ||    59
Invok: Berserk           |     1 |     3 |     1 ||     5
       Burn Spellbooks   |       |       |     1 ||     1
 Abil: Breathe Lightning |       |       |     4 ||     4
  Use: Potion            |     2 |       |     1 ||     3
       Scroll            |       |       |     8 ||     8
  Eat: Chunk             |     4 |    10 |     5 ||    19
Armor: Skin              |    72 |    30 |    37 ||   139
Dodge: Dodged            |   117 |    45 |    28 ||   190
Block: Large shield      |    21 |   125 |    95 ||   241
